| TOP OF THE 1ST |
|
Everett AquaSox batting - Pitching for Idaho Falls Chukars : RHP Rich Frontczak
|
|
Pitching: RHP Rich Frontczak
|
|
|
Batting: RHB Houston Brock
|
0-0: Ball 1-0: Ball 2-0: Ball 3-0: Called Strike 3-1: Base on Balls
|
|
Batting: RHB Heihachiro Fujita
|
0-0: Ball 1-0: Ball Houston Brock steals 2nd base 2-0: Called Strike 2-1: Called Strike 2-2: TRIPLE (Flyball, 89XD, EV 110.6 MPH) Houston Brock scores
|
|
Batting: RHB Tze-meng Li
|
0-0: Ball 1-0: Ball 2-0: Foul Ball, location: 2F 2-1: Ball 3-1: Base on Balls
|
|
Batting: SHB Carlos Luna
|
0-0: Ball 1-0: Swinging Strike 1-1: Ball 2-1: Ball 3-1: Base on Balls Tze-meng Li to second
|
|
Pitching: RHP Tony Jimenez
|
|
|
Batting: RHB Ivan Davila
|
0-0: Ball Wild Pitch! Heihachiro Fujita scores Tze-meng Li to third Carlos Luna to second 1-0: Called Strike 1-1: Foul Ball, location: 2F 1-2: Ball 2-2: SINGLE (Groundball, 4, EV 96.9 MPH) Tze-meng Li scores Carlos Luna to third Runner from 3rd tries for Home, SAFE, throw by CF to home
|
|
Batting: RHB Chris Van Niel
|
0-0: Ball 1-0: Ball Wild Pitch! Ivan Davila to second 2-0: Ball 3-0: Base on Balls
|
|
Batting: RHB Franklin Romero
|
0-0: Foul Ball, location: 2F 0-1: Ball 1-1: Ball 2-1: Ball 3-1: Fly out, F8 (Line Drive, 8RM, EV 91.2 MPH)
|
|
Batting: RHB Danny Pujols
|
0-0: Called Strike 0-1: Ball 1-1: Called Strike 1-2: Ball 2-2: Foul Ball, location: 2F 2-2: Foul Ball, location: 2F 2-2: Ball 3-2: Base on Balls Ivan Davila to third Chris Van Niel to second
|
|
Pitching: RHP Travis Stump
|
|
|
Batting: RHB David Greene
|
0-0: Swinging Strike 0-1: Ball 1-1: DOUBLE (Groundball, 5L, EV 105.0 MPH) Ivan Davila scores Chris Van Niel scores Danny Pujols to third
|
|
Batting: RHB Houston Brock
|
0-0: Swinging Strike 0-1: Ball Passed Ball! Danny Pujols scores David Greene to third 1-1: Foul Ball, location: 2F 1-2: SINGLE (Groundball, 25, EV 67.5 MPH) (infield hit)
|
|
Batting: RHB Heihachiro Fujita
|
0-0: Called Strike 0-1: Ball 1-1: SINGLE (Line Drive, 9S, EV 98.1 MPH) David Greene scores Houston Brock to second
|
|
Batting: RHB Tze-meng Li
|
0-0: Ball 1-0: Called Strike 1-1: Foul Ball, location: 2F 1-2: Strikes out looking
|
|
Batting: SHB Carlos Luna
|
0-0: Ball 1-0: Ground out 4-3 (Groundball, 4, EV 83.1 MPH)
|
| Top of the 1st over - 8 runs, 5 hits, 0 errors, 2 left on base; Everett 8 - Idaho Falls 0 |
| BOTTOM OF THE 1ST |
|
Idaho Falls Chukars batting - Pitching for Everett AquaSox : LHP Mitch Lewis
|
|
Pitching: LHP Mitch Lewis
|
|
|
Batting: RHB Chad Sullivan
|
0-0: Ball 1-0: Foul Ball, location: 2F 1-1: Ball 2-1: Ball 3-1: Called Strike 3-2: Ground out 6-3 (Groundball, 56, EV 106.9 MPH)
|
|
Batting: RHB Kevin Allen
|
0-0: Foul Ball, location: 2F 0-1: Foul Ball, location: 2F 0-2: Ball 1-2: Ball 2-2: Strikes out swinging
|
|
Batting: RHB Edite Leoni
|
0-0: DOUBLE (Groundball, 5L, EV 103.8 MPH)
|
|
Batting: RHB Jeremy Haun
|
0-0: Ball 1-0: Called Strike 1-1: Ground out 5-3 (Groundball, 56, EV 100.0 MPH)
|
| Bottom of the 1st over - 0 runs, 1 hit, 0 errors, 1 left on base; Everett 8 - Idaho Falls 0 |
| TOP OF THE 2ND |
|
Everett AquaSox batting - Pitching for Idaho Falls Chukars : RHP Travis Stump
|
|
Batting: RHB Ivan Davila
|
0-0: Ball 1-0: Ball 2-0: Ball 3-0: Called Strike 3-1: Base on Balls
|
|
Batting: RHB Chris Van Niel
|
0-0: Ball 1-0: Ball Passed Ball! Ivan Davila to second 2-0: Ball 3-0: Base on Balls
|
|
Batting: RHB Franklin Romero
|
0-0: Called Strike 0-1: Foul Ball, location: 2F 0-2: Ball 1-2: Ball 2-2: Strikes out swinging
|
|
Batting: RHB Danny Pujols
|
0-0: Ball 1-0: Ball 2-0: Ball 3-0: Called Strike 3-1: Base on Balls Ivan Davila to third Chris Van Niel to second
|
|
Batting: RHB David Greene
|
0-0: Ball 1-0: Called Strike 1-1: Ball 2-1: Swinging Strike 2-2: Strikes out swinging
|
|
Batting: RHB Houston Brock
|
0-0: Called Strike 0-1: SINGLE (Groundball, 6MS, EV 71.2 MPH) (infield hit) Ivan Davila scores Chris Van Niel to third Danny Pujols to second
|
|
Batting: RHB Heihachiro Fujita
|
0-0: Ball 1-0: DOUBLE (Line Drive, 89D, EV 104.4 MPH) Chris Van Niel scores Danny Pujols scores Houston Brock to third Runner from 3rd tries for Home, SAFE, throw by CF to trailing runner, SAFE at third!
|
|
Pitching: RHP Eric Dyer
|
|
|
Batting: RHB Tze-meng Li
|
0-0: Foul Ball, location: 2F 0-1: Ball 1-1: Ground out 6-3 (Groundball, 56, EV 96.9 MPH)
|
| Top of the 2nd over - 4 runs, 2 hits, 0 errors, 1 left on base; Everett 12 - Idaho Falls 0 |
| BOTTOM OF THE 2ND |
|
Idaho Falls Chukars batting - Pitching for Everett AquaSox : LHP Mitch Lewis
|
|
Batting: RHB Eric Erickson
|
0-0: Ground out U3 (Groundball, 3, EV 84.4 MPH)
|
|
Batting: LHB John Wagner
|
0-0: Called Strike 0-1: Ball 1-1: Called Strike 1-2: Strikes out swinging
|
|
Batting: RHB Ken Postlethwaite
|
0-0: Called Strike 0-1: Ground out 6-3 (Groundball, 6, EV 80.0 MPH)
|
| Bottom of the 2nd over - 0 runs, 0 hits, 0 errors, 0 left on base; Everett 12 - Idaho Falls 0 |
| TOP OF THE 3RD |
|
Everett AquaSox batting - Pitching for Idaho Falls Chukars : RHP Eric Dyer
|
|
Batting: SHB Carlos Luna
|
0-0: DOUBLE (Flyball, 89D, EV 99.4 MPH)
|
|
Batting: RHB Ivan Davila
|
0-0: Ball 1-0: Ball 2-0: Ball 3-0: Base on Balls
|
|
Batting: RHB Chris Van Niel
|
0-0: Fly out, F9 (Flyball, 89M, EV 87.5 MPH)
|
|
Batting: RHB Franklin Romero
|
0-0: Ball 1-0: Called Strike 1-1: Foul Ball, location: 2F 1-2: Foul Ball, location: 2F 1-2: Ball 2-2: Ball 3-2: SINGLE (Groundball, 6D, EV 100.0 MPH) Carlos Luna to third Ivan Davila to second
|
|
Batting: RHB Danny Pujols
|
0-0: Foul Ball, location: 2F 0-1: Swinging Strike 0-2: Strikes out swinging
|
|
Pitching: LHP Randy Stapleton
|
|
|
Batting: RHB David Greene
|
0-0: Called Strike Balk! Carlos Luna scores Ivan Davila to third Franklin Romero to second 0-1: Ball 1-1: Foul Ball, location: 2F 1-2: Strikes out swinging
|
| Top of the 3rd over - 1 run, 2 hits, 0 errors, 2 left on base; Everett 13 - Idaho Falls 0 |
| BOTTOM OF THE 3RD |
|
Idaho Falls Chukars batting - Pitching for Everett AquaSox : LHP Mitch Lewis
|
|
Batting: RHB Nate De Jongh
|
0-0: Ball 1-0: Ball 2-0: Ball 3-0: Base on Balls
|
|
Batting: RHB Ben Minge
|
0-0: Called Strike 0-1: Ball 1-1: Ball 2-1: Grounds into double play, 5-4-3 (Groundball, 56, EV 89.4 MPH)
|
|
Batting: RHB Chad Sullivan
|
0-0: Swinging Strike 0-1: Ball 1-1: Swinging Strike 1-2: Ball 2-2: Ball 3-2: Foul Ball, location: 2F 3-2: Foul Ball, location: 2F 3-2: Strikes out swinging
|
| Bottom of the 3rd over - 0 runs, 0 hits, 0 errors, 0 left on base; Everett 13 - Idaho Falls 0 |
| TOP OF THE 4TH |
|
Everett AquaSox batting - Pitching for Idaho Falls Chukars : LHP Randy Stapleton
|
|
Batting: RHB Houston Brock
|
0-0: Ball 1-0: Foul Ball, location: 2F 1-1: Ball 2-1: Foul Ball, location: 2F 2-2: Foul Ball, location: 2F 2-2: Ball 3-2: Base on Balls
|
|
Batting: RHB Heihachiro Fujita
|
Balk! Houston Brock to second 0-0: Ball Wild Pitch! Houston Brock to third 1-0: Ball 2-0: TRIPLE (Flyball, 89XD, EV 97.5 MPH) Houston Brock scores
|
|
Batting: RHB Tze-meng Li
|
0-0: Called Strike 0-1: Foul Ball, location: 2F 0-2: Ball 1-2: Ball 2-2: Ball Wild Pitch! Heihachiro Fujita scores 3-2: Base on Balls
|
|
Pitching: RHP Timotheus Cooper
|
|
|
Batting: SHB Carlos Luna
|
0-0: Ball 1-0: Ball 2-0: SINGLE (Flyball, 4D, EV 90.0 MPH) Tze-meng Li to second
|
|
Batting: RHB Ivan Davila
|
0-0: Ball 1-0: Ball 2-0: Called Strike 2-1: Called Strike 2-2: DOUBLE (Line Drive, 89XD, EV 105.6 MPH) Tze-meng Li scores Carlos Luna to third
|
|
Batting: RHB Chris Van Niel
|
0-0: Called Strike 0-1: Ball 1-1: Foul Ball, location: 2F 1-2: Ball Wild Pitch! Carlos Luna scores Ivan Davila to third 2-2: SINGLE (Groundball, 6S, EV 68.8 MPH) (infield hit) Ivan Davila scores
|
|
Batting: RHB Franklin Romero
|
0-0: Ball 1-0: Ball 2-0: Ball 3-0: Foul Ball, location: 2F 3-1: Foul Ball, location: 2F 3-2: DOUBLE (Flyball, 8RXD, EV 108.8 MPH) Chris Van Niel to third Chris Van Niel scores
|
|
Batting: RHB Danny Pujols
|
0-0: Ball 1-0: Ball 2-0: Called Strike 2-1: Ground out 4-3 (Groundball, 4S, EV 93.1 MPH) Franklin Romero to third
|
|
Batting: RHB David Greene
|
0-0: SINGLE (Line Drive, 4D, EV 98.8 MPH) Franklin Romero scores
|
|
Batting: RHB Houston Brock
|
0-0: Foul Ball, location: 2F 0-1: Ball 1-1: Ball 2-1: Ball 3-1: Foul Ball, location: 2F 3-2: Base on Balls David Greene to second
|
|
Batting: RHB Heihachiro Fujita
|
0-0: Ball Balk! David Greene to third Houston Brock to second 1-0: Ball 2-0: Ball 3-0: Called Strike 3-1: Base on Balls
|
|
Batting: RHB Tze-meng Li
|
0-0: Fly out, F3 (Popup, 3S, EV 74.4 MPH)
|
|
Batting: SHB Carlos Luna
|
0-0: Ground out 4-3 (Groundball, 4, EV 84.4 MPH)
|
| Top of the 4th over - 7 runs, 6 hits, 0 errors, 3 left on base; Everett 20 - Idaho Falls 0 |
| BOTTOM OF THE 4TH |
|
Idaho Falls Chukars batting - Pitching for Everett AquaSox : LHP Mitch Lewis
|
|
Batting: RHB Kevin Allen
|
0-0: Ball 1-0: Ball 2-0: Ball 3-0: Called Strike 3-1: Base on Balls
|
|
Batting: RHB Edite Leoni
|
0-0: Ball 1-0: Ball 2-0: Called Strike 2-1: Fielders Choice at 2nd, 6-4 (Groundball, 6M, EV 85.6 MPH)
|
|
Batting: RHB Jeremy Haun
|
0-0: Called Strike 0-1: Ball Wild Pitch! Edite Leoni to second 1-1: Swinging Strike 1-2: Ball 2-2: Strikes out swinging
|
|
Batting: RHB Eric Erickson
|
0-0: Called Strike 0-1: Fly out, F9 (Flyball, 89S, EV 82.5 MPH)
|
| Bottom of the 4th over - 0 runs, 0 hits, 0 errors, 1 left on base; Everett 20 - Idaho Falls 0 |
| TOP OF THE 5TH |
|
Everett AquaSox batting - Pitching for Idaho Falls Chukars : RHP Timotheus Cooper
|
|
Batting: RHB Ivan Davila
|
0-0: Called Strike 0-1: Ball 1-1: Swinging Strike 1-2: SINGLE (Groundball, 6, EV 103.8 MPH)
|
|
Batting: RHB Chris Van Niel
|
0-0: Called Strike 0-1: Ball 1-1: SINGLE (Line Drive, 8LM, EV 92.5 MPH) Ivan Davila to second
|
|
Batting: RHB Franklin Romero
|
0-0: Ball 1-0: Foul Ball, location: 2F 1-1: Fielders Choice at 2nd, 6-4 (Groundball, 6D, EV 106.2 MPH) Ivan Davila to third
|
|
Batting: RHB Danny Pujols
|
0-0: Ball 1-0: Called Strike 1-1: Called Strike 1-2: Ball 2-2: Foul Ball, location: 2F 2-2: Strikes out swinging
|
|
Batting: RHB David Greene
|
0-0: Called Strike 0-1: Foul Ball, location: 2F 0-2: Strikes out swinging
|
| Top of the 5th over - 0 runs, 2 hits, 0 errors, 2 left on base; Everett 20 - Idaho Falls 0 |
| BOTTOM OF THE 5TH |
|
Idaho Falls Chukars batting - Pitching for Everett AquaSox : LHP Mitch Lewis
|
|
Batting: LHB John Wagner
|
0-0: Ball 1-0: SOLO HOME RUN (Flyball, 7LD, EV 96.9 MPH), Distance : 366 ft
|
|
Batting: RHB Ken Postlethwaite
|
0-0: Ground out 5-3 (Groundball, 56, EV 83.1 MPH)
|
|
Batting: RHB Nate De Jongh
|
0-0: Ground out 4-3 (Groundball, 4, EV 90.0 MPH)
|
|
Batting: RHB Ben Minge
|
0-0: Ball 1-0: Ball 2-0: SINGLE (Line Drive, 9LS, EV 91.2 MPH)
|
|
Batting: RHB Chad Sullivan
|
0-0: Called Strike 0-1: Ball 1-1: Foul Ball, location: 2F 1-2: Foul Ball, location: 2F 1-2: Ball 2-2: Ball 3-2: Strikes out swinging
|
| Bottom of the 5th over - 1 run, 2 hits, 0 errors, 1 left on base; Everett 20 - Idaho Falls 1 |
| TOP OF THE 6TH |
|
Everett AquaSox batting - Pitching for Idaho Falls Chukars : RHP Timotheus Cooper
|
|
Batting: RHB Houston Brock
|
0-0: Called Strike 0-1: Ball 1-1: Ground out 3-1 (Groundball, 34, EV 106.9 MPH)
|
|
Batting: RHB Heihachiro Fujita
|
0-0: Called Strike 0-1: Foul Ball, location: 2F 0-2: Hit by Pitch
|
|
Pinch Runner at 1st Mike Conaway:
|
|
|
Batting: RHB Tze-meng Li
|
0-0: SINGLE (Groundball, 34D, EV 108.8 MPH) (infield hit) Mike Conaway to second
|
|
Batting: SHB Carlos Luna
|
0-0: Called Strike 0-1: Ball Passed Ball! Mike Conaway to third Tze-meng Li to second 1-1: Fly out, F8 (Flyball, 8LD, EV 91.9 MPH) Runner from 3rd tags up, SCORES, throw by CF Tze-meng Li to third
|
|
Batting: RHB Ivan Davila
|
0-0: Hit by Pitch
|
|
Batting: RHB Chris Van Niel
|
0-0: Called Strike 0-1: Ball 1-1: Ball Wild Pitch! Tze-meng Li scores Ivan Davila to second 2-1: Foul Ball, location: 2F 2-2: Ball 3-2: Base on Balls
|
|
Batting: RHB Franklin Romero
|
0-0: Ball 1-0: SINGLE (Groundball, 4MD, EV 96.9 MPH) Ivan Davila to third Chris Van Niel to second Runner from 3rd tries for Home, SAFE, throw by CF to home
|
|
Batting: RHB Danny Pujols
|
0-0: Ball 1-0: Ball 2-0: Called Strike 2-1: Foul Ball, location: 2F 2-2: Ball 3-2: Strikes out swinging
|
| Top of the 6th over - 3 runs, 2 hits, 0 errors, 2 left on base; Everett 23 - Idaho Falls 1 |
| BOTTOM OF THE 6TH |
|
Idaho Falls Chukars batting - Pitching for Everett AquaSox : LHP Mitch Lewis
|
|
Now in LF: Mike Conaway
|
|
|
Batting: RHB Kevin Allen
|
0-0: Ball 1-0: Called Strike 1-1: Swinging Strike 1-2: Ball 2-2: Ball 3-2: Foul Ball, location: 2F 3-2: Base on Balls
|
|
Pitching: RHP Sid Lampone
|
|
|
Batting: RHB Edite Leoni
|
0-0: Ball 1-0: Called Strike Kevin Allen steals 2nd base (no throw) 1-1: Foul Ball, location: 2F 1-2: Foul Ball, location: 2F 1-2: Foul Ball, location: 2F 1-2: Ball 2-2: Ball 3-2: Foul Ball, location: 2F 3-2: Foul Ball, location: 2F 3-2: Base on Balls
|
|
Batting: RHB Jeremy Haun
|
0-0: Ball 1-0: Fielders Choice at 2nd, 5-4 (Groundball, 5, EV 81.9 MPH) Kevin Allen to third
|
|
Batting: RHB Eric Erickson
|
0-0: Ball 1-0: Ball 2-0: Fielders Choice at 2nd, 6-4 (Groundball, 6, EV 100.0 MPH) Kevin Allen scores
|
|
Batting: LHB John Wagner
|
0-0: Ball Eric Erickson steals 2nd base (no throw) 1-0: Ground out 4-3 (Groundball, 4, EV 99.4 MPH)
|
| Bottom of the 6th over - 1 run, 0 hits, 0 errors, 1 left on base; Everett 23 - Idaho Falls 2 |
| TOP OF THE 7TH |
|
Everett AquaSox batting - Pitching for Idaho Falls Chukars : RHP Timotheus Cooper
|
|
Batting: RHB David Greene
|
0-0: Ground out 4-3 (Groundball, 4, EV 108.8 MPH)
|
|
Batting: RHB Houston Brock
|
0-0: TRIPLE (Groundball, 3L, EV 104.4 MPH)
|
|
Batting: RHB Mike Conaway
|
0-0: SINGLE (Line Drive, 6D, EV 96.2 MPH) Houston Brock scores
|
|
Batting: RHB Tze-meng Li
|
0-0: Fly out, F4 (Popup, 34, EV 80.0 MPH)
|
|
Batting: SHB Carlos Luna
|
0-0: TRIPLE (Line Drive, 89XD, EV 105.0 MPH) Mike Conaway scores
|
|
Batting: RHB Ivan Davila
|
0-0: Called Strike 0-1: Swinging Strike 0-2: Ball 1-2: Strikes out looking
|
| Top of the 7th over - 2 runs, 3 hits, 0 errors, 1 left on base; Everett 25 - Idaho Falls 2 |
| BOTTOM OF THE 7TH |
|
Idaho Falls Chukars batting - Pitching for Everett AquaSox : RHP Sid Lampone
|
|
Batting: RHB Ken Postlethwaite
|
0-0: Called Strike 0-1: Ball 1-1: Called Strike 1-2: Ball 2-2: Strikes out swinging
|
|
Batting: RHB Nate De Jongh
|
0-0: Ball 1-0: Foul Ball, location: 2F 1-1: Swinging Strike 1-2: Ball 2-2: SINGLE (Line Drive, 4MD, EV 95.0 MPH)
|
|
Batting: RHB Ben Minge
|
0-0: Foul Ball, location: 2F 0-1: Called Strike 0-2: Ball 1-2: Strikes out looking
|
|
Batting: RHB Chad Sullivan
|
0-0: Ball 1-0: Foul Ball, location: 2F 1-1: Fielders Choice at 2nd, 6-4 (Groundball, 6, EV 84.4 MPH)
|
| Bottom of the 7th over - 0 runs, 1 hit, 0 errors, 1 left on base; Everett 25 - Idaho Falls 2 |
| TOP OF THE 8TH |
|
Everett AquaSox batting - Pitching for Idaho Falls Chukars : RHP Timotheus Cooper
|
|
Batting: RHB Chris Van Niel
|
0-0: Ball 1-0: Called Strike 1-1: Called Strike 1-2: Foul Ball, location: 2F 1-2: SINGLE (Flyball, 3D, EV 90.6 MPH)
|
|
Batting: RHB Franklin Romero
|
0-0: Called Strike 0-1: DOUBLE (Groundball, 5L, EV 100.0 MPH) Chris Van Niel to third Runner from 3rd tries for Home, SAFE, no throw by LF
|
|
Batting: RHB Danny Pujols
|
0-0: Ball 1-0: Called Strike 1-1: Ball 2-1: Ball 3-1: Swinging Strike 3-2: Base on Balls
|
|
Batting: RHB David Greene
|
0-0: SINGLE (Groundball, 34S, EV 71.2 MPH) (infield hit) Franklin Romero to third Danny Pujols to second
|
|
Batting: RHB Houston Brock
|
0-0: Fielders Choice at 2nd, 6-4 (Groundball, 6, EV 106.2 MPH) Franklin Romero scores Danny Pujols to third
|
|
Batting: RHB Mike Conaway
|
0-0: Fly out, F8 (Flyball, 8RD, EV 85.0 MPH) Runner from 3rd tags up, SCORES, throw by CF
|
|
Batting: RHB Tze-meng Li
|
0-0: SINGLE (Groundball, 34D, EV 99.4 MPH) Houston Brock to second
|
|
Batting: SHB Carlos Luna
|
0-0: Fielders Choice at 2nd, 6-4 (Groundball, 6, EV 81.9 MPH)
|
| Top of the 8th over - 3 runs, 4 hits, 0 errors, 2 left on base; Everett 28 - Idaho Falls 2 |
| BOTTOM OF THE 8TH |
|
Idaho Falls Chukars batting - Pitching for Everett AquaSox : RHP Sid Lampone
|
|
Batting: RHB Kevin Allen
|
0-0: Ball 1-0: Ball 2-0: Called Strike 2-1: Ball 3-1: Called Strike 3-2: Ground out 5-3 (Groundball, 56S, EV 94.4 MPH)
|
|
Batting: RHB Edite Leoni
|
0-0: SINGLE (Groundball, 4MD, EV 96.2 MPH)
|
|
Batting: RHB Jeremy Haun
|
0-0: Ball 1-0: Swinging Strike 1-1: Ball 2-1: Ball Wild Pitch! Edite Leoni to second 3-1: Ground out 6-3 (Groundball, 6, EV 83.1 MPH)
|
|
Batting: RHB Eric Erickson
|
0-0: Ball 1-0: Swinging Strike 1-1: Ball 2-1: Ball 3-1: Base on Balls
|
|
Batting: LHB John Wagner
|
0-0: Ball 1-0: Foul Ball, location: 2F 1-1: SINGLE (Groundball, 34S, EV 66.2 MPH) (infield hit) Edite Leoni to third Eric Erickson to second
|
|
Batting: RHB Ken Postlethwaite
|
0-0: Called Strike 0-1: SINGLE (Groundball, 56D, EV 106.9 MPH) Edite Leoni scores Eric Erickson to third John Wagner to second Runner from 3rd tries for Home, SAFE, throw by LF to home
|
|
Batting: RHB Nate De Jongh
|
0-0: Called Strike 0-1: Fly out, F4 (Line Drive, 4, EV 71.9 MPH)
|
| Bottom of the 8th over - 2 runs, 3 hits, 0 errors, 2 left on base; Everett 28 - Idaho Falls 4 |
| TOP OF THE 9TH |
|
Everett AquaSox batting - Pitching for Idaho Falls Chukars : RHP Timotheus Cooper
|
|
Batting: RHB Ivan Davila
|
0-0: Ball 1-0: Swinging Strike 1-1: Foul Ball, location: 2F 1-2: Strikes out swinging
|
|
Batting: RHB Chris Van Niel
|
0-0: DOUBLE (Flyball, 8LD, EV 98.1 MPH)
|
|
Pinch Hitting: RHB Jung-wan Aan
|
0-0: Hit by Pitch
|
|
Batting: RHB Danny Pujols
|
0-0: Ball 1-0: Called Strike 1-1: Fielders Choice at 2nd, 6-4 (Groundball, 6M, EV 93.1 MPH) Chris Van Niel to third
|
|
Batting: RHB David Greene
|
0-0: Ball 1-0: Ball 2-0: Swinging Strike 2-1: Ball 3-1: Base on Balls Danny Pujols to second
|
|
Batting: RHB Houston Brock
|
0-0: SINGLE (Flyball, 8RS, EV 100.0 MPH) Chris Van Niel scores Danny Pujols to third David Greene to second
|
|
Batting: RHB Mike Conaway
|
0-0: Fielders Choice at 2nd, 5-4 (Groundball, 56, EV 81.2 MPH)
|
| Top of the 9th over - 1 run, 2 hits, 0 errors, 3 left on base; Everett 29 - Idaho Falls 4 |
| BOTTOM OF THE 9TH |
|
Idaho Falls Chukars batting - Pitching for Everett AquaSox : RHP Sid Lampone
|
|
Now at C: Jung-wan Aan
|
|
|
Batting: RHB Ben Minge
|
0-0: Foul Ball, location: 2F 0-1: Fly out, F3 (Popup, 34S, EV 72.5 MPH)
|
|
Pitching: RHP Mike Bator
|
|
|
Batting: RHB Chad Sullivan
|
0-0: Ground out 6-3 (Groundball, 6, EV 83.8 MPH)
|
|
Batting: RHB Kevin Allen
|
0-0: Called Strike 0-1: Called Strike 0-2: Foul Ball, location: 2F 0-2: Ground out U3 (Groundball, 34S, EV 90.0 MPH)
|
| Bottom of the 9th over - 0 runs, 0 hits, 0 errors, 0 left on base; Everett 29 - Idaho Falls 4 |
|